 Dungeon Crawl Stone Soup version 0.31-a0-995-g04711c9635 (webtiles) character file.

Game seed: 9330201564922018311

690 Gargoyl the Chopper (level 7, -1/44 HPs)
             Began as a Gargoyle Berserker on Nov 6, 2023.
             Was a Believer of Trog.
             Slain by a yak (6 damage)
             ... on level 4 of the Dungeon.
             The game lasted 00:04:42 (2719 turns).

Gargoyl the Chopper (Gargoyle Berserker)            Turns: 2719, Time: 00:04:42

Health: -1/44      AC: 13    Str: 21    XL:     7   Next: 63%
Magic:  7/7        EV: 11    Int:  7    God:    Trog [**....]
Gold:   252        SH:  0    Dex: 11    Spells: 6/6 levels left

rFire   + . .        a - +0 hand axe
rCold   + . .        (no shield)
rNeg    + + +        h - +3 ring mail {rF+}
rPois   ∞            (no helmet)
rElec   +            (no cloak)
rCorr   .            (no gloves)
SInv    .            (no boots)
Will    ++...        (no amulet)
Stlth   +            j - ring of Surprise {rPois rC+ rN++}
HPRegen 1.27/turn    (no ring)
MPRegen 0.10/turn

%: no passive effects
@: mighty, weakened, strong-willed, on berserk cooldown, regenerating
A: sickness immunity, AC +4, negative energy resistance 1, electricity
resistance, torment resistance 1, petrification resistance
a: Renounce Religion, Berserk, Trog's Hand


You were on level 4 of the Dungeon.
You worshipped Trog.
Trog was pleased with you.
You visited 1 branch of the dungeon, and saw 4 of its levels.

You collected 252 gold pieces.

Inventory:

Hand Weapons
 a - a +0 hand axe (weapon)
Missiles
 q - 6 poisoned darts (quivered)
Armour
 h - a +3 ring mail of fire resistance (worn)
Jewellery
 j - the ring of Surprise (left hand) {rPois rC+ rN++}
   (You found it on level 2 of the Dungeon)

   [ring of protection from cold]

   rC+:       It protects you from cold.
   rPois:     It protects you from poison rN++: It greatly protects you from
   negative energy.
Scrolls
 i - 2 scrolls of fog
 k - a scroll of identify
 n - a scroll of immolation
 p - a scroll of brand weapon {unknown}
Potions
 b - a potion of magic {unknown}
 e - a potion of haste {unknown}
 f - 2 potions of brilliance {unknown}
 g - a potion of lignification {unknown}
 l - a potion of degeneration {unknown}
 m - a potion of mutation {unknown}
 o - a potion of attraction {unknown}


   Skills:
 + Level 4.6 Fighting
 + Level 5.6 Axes
 + Level 4.4 Armour
 + Level 3.3 Dodging
 + Level 0.6 Stealth


You had 6 spell levels left.
You didn't know any spells.
Your spell library was empty.

Dungeon Overview and Level Annotations

Branches:
Dungeon (4/15)
 Temple: D:4-7

Altars:
Vehumet
Zin


Innate Abilities, Weirdness & Mutations

You are immune to sickness and miasma.
Your stone body is resilient. (AC +4)
You are immune to poison.
You resist negative energy. (rN+)
You are resistant to electric shocks. (rElec)
You are resistant to unholy torment.
You are immune to petrification.


Message History

* * * LOW HITPOINT WARNING * * *
The yak gores you but does no damage. The yak gores you.
* * * LOW HITPOINT WARNING * * *
Unknown command.
You hit the yak.
You kill the yak!
Trog accepts your kill.
You hit the yak.
You kill the yak!
Trog accepts your kill. The yak gores you but does no damage.
The gnoll bouda gazes fiercely through you!
You feel as though you will be weak longer.
Your Axes skill increases to level 5!
Your Armour skill increases to level 4!
You have reached level 7!
You barely miss the yak. The yak barely misses you. x2
Unknown command.
Your skin crawls.
You feel strong-willed.
You feel yourself speed up. The yak gores you!
* * * LOW HITPOINT WARNING * * *
Unknown command.
You feel better. The yak gores you but does no damage.
You feel better. The yak gores you!
* * * LOW HITPOINT WARNING * * *
You slash the yak!
The yak is moderately wounded.
The yak gores you but does no damage.
The gnoll bouda gazes fiercely through you!
You feel as though you will be weak longer.
Unknown command.
Okay, then.
You slash the yak!
The yak is heavily wounded.
The yak gores you!
* * * LOW HITPOINT WARNING * * *
You slash the yak!
The yak is severely wounded.
The yak gores you.
You die...

........#####..#....#########
.....#......................P
....<...............####P~...
.....#...###...........~~~~~~
.......................~~~♣P~
....................###~P~PPP
............g................
........)###Y#.##..##.##.###.
.........##.@#.##..##.##.# #.
≈~≈....#†##..#.###.##.##)# #.
≈~≈≈.....))........##.##.###.
~♣~~......)..................
≈~≈≈...........####.#.##.####
≈~≈...♣###...................
....♣ #.....#....#..##.#..
...♣ #..........#..##.#.. ..♣
#..#...... #..##.#..


You could see a yak and a gnoll bouda.

Vanquished Creatures
  2 yaks (D:4)
  A bullfrog (D:4)
  2 howler monkeys (D:4)
  A hound (D:4)
  An orc wizard (D:3)
  A statue (D:3)
  5 adders
  5 gnolls (D:4)
  3 dart slugs
  9 orcs
  6 ball pythons
  3 bats (D:1)
  4 endoplasms
  5 goblins
  6 hobgoblins
  17 jackals
  4 kobolds
  3 quokkas
  7 frilled lizards
  3 rats
88 creatures vanquished.

Notes
Turn   | Place    | Note
-------+----------+-------------------------------------------
     0 | D:1      | Gargoyl the Gargoyle Berserker began the quest for the Orb.
     0 | D:1      | Reached XP level 1. HP: 14/14 MP: 1/1
    98 | D:1      | Reached XP level 2. HP: 19/19 MP: 2/2
   101 | D:1      | Reached skill level 3 in Axes
   276 | D:1      | Reached XP level 3. HP: 22/24 MP: 3/3
   459 | D:1      | Reached ** piety under Trog
   841 | D:2      | Found a glowing silver altar of Zin.
  1017 | D:2      | Identified the ring of Surprise {rPois rC+ rN++}
  1420 | D:3      | Reached XP level 4. HP: 29/29 MP: 4/4
  1564 | D:3      | Identified the +2 leather armour of the Imp {Fly}
  1951 | D:3      | Found a radiant altar of Vehumet.
  1951 | D:3      | Noticed a charred statue
  1968 | D:3      | Killed a charred statue
  1969 | D:3      | Reached XP level 5. HP: 33/33 MP: 5/5
  2526 | D:4      | Reached skill level 4 in Axes
  2550 | D:4      | Reached XP level 6. HP: 30/38 MP: 6/6
  2686 | D:4      | Noticed a yak
  2691 | D:4      | Noticed a yak
  2692 | D:4      | Noticed a yak
  2712 | D:4      | Killed a yak
  2712 | D:4      | Killed a yak
  2713 | D:4      | Reached skill level 5 in Axes
  2713 | D:4      | Reached XP level 7. HP: 10/44 MP: 7/7
  2719 | D:4      | Slain by a yak

Illustrated notes

Levels and vault maps discovered:
D:1:      minmay_arrival_diagonal_passages, layout_loops_ring
D:2:      layout_basic, basic_altar, nicolae_titane
D:3:      layout_loops_ring, vehumet_statue, minmay_bisected
D:4:      lemuel_castle_with_subvaults [lemuel_castle_interior_carwin_2],
          layout_basic, elyvilon_altar_3, serial_bayou_lagoon_a,
          uniq_crazy_yiuf_cottage

Skill      XL: |  1  2  3  4  5  6 |
---------------+-------------------+-----
Axes           | 3 4 5 |  5.6
Dodging        | 2 3 |  3.3
Armour         | 3 4 |  4.4
Fighting       | 4 |  4.6
Stealth        | |  0.6

Action                     |  1- 3 |  4- 6 |  7- 9 || total
---------------------------+-------+-------+-------++-------
  Melee: Hand axe          |   115 |   254 |     4 ||   373
         Punch             |     2 |     2 |       ||     4
 Invoke: Berserk           |     1 |     7 |       ||     8
         Trog's Hand       |       |     3 |     1 ||     4
    Use: Scroll            |     6 |     1 |       ||     7
         Potion            |       |     1 |     2 ||     3
   Stab: Sleeping          |     1 |       |       ||     1
 Armour: Animal skin       |    62 |       |       ||    62
         Ring mail         |    13 |   262 |     6 ||   281
  Dodge: Dodged            |    94 |   174 |     2 ||   270

Table legend: (Time is in decaauts)
 A = Elapsed time spent in this place.
 B = Non-inter-level travel time spent in this place.
 C = Inter-level travel time spent in this place.
 D = Time resting spent in this place.
 E = Time spent auto-exploring this place.
 F = Levels seen in this place.
 G = Mean time per level.
                   A        B        C        D        E       F      G
               +--------+--------+--------+--------+--------+-----+--------+
         Total |   2828 |   2771 |     57 |     12 |   1830 |   4 |  707.0 |
       Dungeon |   2828 |   2771 |     57 |     12 |   1830 |   4 |  707.0 |
               +--------+--------+--------+--------+--------+-----+--------+

Top non-repeatable levels by time:
     D:3: 904 daAuts
     D:1: 742 daAuts
     D:4: 622 daAuts
     D:2: 559 daAuts
